 Dungeon Crawl Stone Soup version 0.29-a0-885-gb26ba3297d (webtiles) character file.

Game seed: 12318907025399393522

34 jimonade the Sneak (level 3, 0/21 HPs)
             Began as a Kobold Brigand on July 20, 2022.
             Frozen to death by an endoplasm (3 damage)
             ... on level 2 of the Dungeon.
             The game lasted 00:01:18 (737 turns).

jimonade the Sneak (Kobold Brigand)                  Turns: 737, Time: 00:01:18

Health: 0/21       AC:  4    Str:  8    XL:     3   Next: 50%
Magic:  3/3        EV: 13    Int: 12    God:
Gold:   61         SH:  0    Dex: 18    Spells: 2/2 levels left

rFire   . . .      SeeInvis .   a - +2 dagger
rCold   . . .      Faith    .   (no shield)
rNeg    . . .      Spirit   .   l - +0 leather armour
rPois   .          Reflect  .   (no helmet)
rElec   .          Harm     .   c - +0 cloak
rCorr   .          Rampage  .   (no gloves)
Will    .....                   (no boots)
Stlth   ++++......              (no amulet)
HPRegen 0.07/turn               (no ring)
MPRegen 0.08/turn               (no ring)

@: no status effects
A: small, no large weapons, nightstalker 3
a: no special abilities


You were on level 2 of the Dungeon.
You visited 1 branch of the dungeon, and saw 2 of its levels.

You collected 61 gold pieces.

Inventory:

Hand Weapons
 a - a +2 dagger (weapon)
Missiles
 d - 13 poisoned darts (quivered)
 e - 3 curare-tipped darts
Armour
 b - a +0 robe
 c - a +0 cloak (worn)
 j - a +0 chain mail
 l - a +0 leather armour (worn)
Magical Staves
 g - a staff of fire
Scrolls
 f - a scroll of amnesia {unknown}
 h - 2 scrolls of identify {unknown}
 i - a scroll of immolation {unknown}
 k - a scroll of enchant weapon {unknown}
 q - a scroll of fear {unknown}
Potions
 m - 2 potions of mutation {unknown}
 n - 2 potions of might {unknown}
 o - a potion of flight {unknown}
 p - 3 potions of curing {unknown}


   Skills:
 + Level 2.2 Fighting
 + Level 2.9 Short Blades
 + Level 2.1 Throwing
 + Level 0.1 Armour
 + Level 1.2 Dodging
 * Level 6.7 Stealth


You had 2 spell levels left.
You didn't know any spells.
Your spell library contained the following spells:

 Spells                   Type           Power      Damage    Failure   Level
 Static Discharge         Conj/Air       0%         3-3/arc   58%         2
 Dispel Undead            Necr           0%         3d6       99%         4
 Sticky Flame             Conj/Fire      0%         2d3       99%         4


Dungeon Overview and Level Annotations

Branches:
Dungeon (2/15)

Altars:

Shops:
D:1 [


Innate Abilities, Weirdness & Mutations

You are small and have problems with some larger weapons.
You are completely attuned to the shadows.


Message History

The goblin shouts!
You miss the goblin. The goblin hits you but does no damage.
You closely miss the goblin. The goblin hits you with a +0 dagger.
You barely miss the goblin. The goblin hits you but does no damage.
The endoplasm freezes you.
You are frozen.
You hit the goblin.
The goblin is severely wounded.
The goblin hits you but does no damage.
The endoplasm hits you but does no damage.
You hit the goblin.
You kill the goblin!
The endoplasm freezes you.
You are frozen.
You barely miss the endoplasm. You barely miss the endoplasm.
The endoplasm hits you but does no damage.
You hit the endoplasm but do no damage. The endoplasm freezes you.
You are frozen.
You are too injured to fight recklessly!
You barely miss the endoplasm. The endoplasm freezes you.
You are frozen.
You hit the endoplasm.
The endoplasm is severely wounded.
The endoplasm freezes you.
You are frozen.
You barely miss the endoplasm.
The endoplasm is severely wounded.
The endoplasm freezes you.
You are frozen.
* * * LOW HITPOINT WARNING * * *
You barely miss the endoplasm.
The endoplasm is severely wounded.
You hit the endoplasm but do no damage.
The endoplasm is severely wounded.
The endoplasm freezes you.
You are frozen.
You die...

#...<....##.............
#.....##.##.............
#......#................
#.......................
#.......................
#......#.............
#........#.....†.....
#......#....<.....###
#..)@..#.............
#..J.....#.....>..###
#.....##........#....
#.....##..#....†##...
......##....#........
#...........#.
.#.#......##. ##......#.
#...##...


You could see an endoplasm.

Vanquished Creatures
  An adder (D:2)
  2 dart slugs (D:1)
  3 bats
  2 giant cockroaches
  3 goblins
  2 hobgoblins
  2 quokkas
  2 ball pythons (D:1)
  2 kobolds
  2 rats (D:1)
21 creatures vanquished.

Notes
Turn   | Place    | Note
-------+----------+-------------------------------------------
     0 | D:1      | jimonade the Kobold Brigand began the quest for the Orb.
     0 | D:1      | Reached XP level 1. HP: 12/12 MP: 1/1
   107 | D:1      | Reached XP level 2. HP: 17/17 MP: 2/2
   172 | D:1      | Reached skill level 6 in Stealth
   362 | D:1      | Found Hezuidyst's Antique Armour Boutique.
   609 | D:2      | Reached XP level 3. HP: 21/21 MP: 3/3
   737 | D:2      | Frozen to death by an endoplasm

Illustrated notes

Levels and vault maps discovered:
D:1:      amcnicky_arrival_blooded_trapdoor, layout_rooms, serial_shops,
          nicolae_shop_trees, chequers_mini_garden
D:2:      layout_rooms, uniq_crazy_yiuf_cottage

Skill      XL: |  1  2 |
---------------+-------+-----
Stealth        | 6 |  6.7
Fighting       | |  2.2
Short Blades   | |  2.9
Throwing       | |  2.1
Armour         | |  0.1
Dodging        | |  1.2

Action                   || total
-------------------------++-------
Melee: Dagger            ||    39
 Stab: Sleeping          ||    16
Armor: Robe              ||     1
       Leather armour    ||     8
Dodge: Dodged            ||     6

Table legend: (Time is in decaauts)
 A = Elapsed time spent in this place.
 B = Non-inter-level travel time spent in this place.
 C = Inter-level travel time spent in this place.
 D = Time resting spent in this place.
 E = Time spent auto-exploring this place.
 F = Levels seen in this place.
 G = Mean time per level.
                   A        B        C        D        E       F      G
               +--------+--------+--------+--------+--------+-----+--------+
         Total |    731 |    725 |      6 |      0 |    559 |   2 |  365.5 |
       Dungeon |    731 |    725 |      6 |      0 |    559 |   2 |  365.5 |
               +--------+--------+--------+--------+--------+-----+--------+

Top non-repeatable levels by time:
     D:1: 494 daAuts
     D:2: 236 daAuts
